 Dungeon Crawl Stone Soup version 0.29.0-15-g675c0067aa (webtiles) character file.

Game seed: 11032238709373003401

240359 groovy9 the Executioner (level 19, -8/181 HPs)
             Began as a Hill Orc Fighter on Sept 11, 2022.
             Was a High Priest of Okawaru.
             Killed from afar by an ironbound thunderhulk (49 damage)
             ... with a bolt of lightning
             ... on level 1 of the Vaults.
             The game lasted 02:41:36 (49519 turns).

groovy9 the Executioner (Hill Orc Fighter)         Turns: 49519, Time: 02:41:37

Health: -8/181     AC: 32    Str: 25    XL:     19   Next: 32%
Magic:  35/35      EV:  7    Int:  8    God:    Okawaru [*****.]
Gold:   913        SH: 30    Dex: 10    Spells: 18/18 levels left

rFire   + . .      SeeInvis +   a - +2 broad axe of the Twisting Gods {vorpal, rPois rC+ Str-2}
rCold   . . .      Faith    .   I - +7 tower shield of Siwk {rPois rC- SInv}
rNeg    + . .      Spirit   .   u - +7 chain mail {rPois}
rPois   +          Reflect  +   z - +2 helmet
rElec   .          Harm     .   m - scarf {rC+ rF+}
rCorr   +          Rampage  .   j - +2 pair of gloves
Will    +....                   q - +2 pair of boots of Insecurity {+Blink +Inv rC- rCorr}
Stlth   ..........              W - amulet of reflection
HPRegen 0.40/turn               J - ring of flight
MPRegen 0.24/turn               g - ring "Xacenn" {rN+ Will+ MP+9}

@: mighty, weak-willed, flying
A: wild magic 1
}: 2/15 runes: barnacled, gossamer
a: Renounce Religion, Evoke Blink, Evoke Invisibility, Heroism, Finesse, Duel


You were on level 1 of the Vaults.
You worshipped Okawaru.
Okawaru was extremely pleased with you.
You visited 7 branches of the dungeon, and saw 32 of its levels.
You also visited: Ossuary.

You collected 2632 gold pieces.
You spent 1719 gold pieces at shops.

Inventory:

Hand Weapons
 a - the +2 broad axe of the Twisting Gods (weapon) {vorpal, rPois rC+ Str-2}
   (Okawaru gifted it to you on level 2 of the Spider Nest)

   It inflicts extra damage upon your enemies.
   Str:       It affects your strength (-2).
   rC:        It protects you from cold.
   rPois:     It protects you from poison.
 b - a +5 broad axe of flaming
 L - a +0 broad axe of holy wrath
Missiles
 s - 3 throwing nets
 X - 9 silver boomerangs (quivered)
Armour
 j - a +2 pair of gloves (worn)
 m - a scarf of resistance (worn)
 q - the +2 pair of boots of Insecurity (worn) {+Blink +Inv rC- rCorr}
   (Okawaru gifted it to you on level 2 of the Spider Nest)

   rC:        It makes you vulnerable to cold.
   +Inv:      It lets you turn invisible.
   +Blink:    It lets you blink.
   rCorr:     It protects you from acid and corrosion.
 u - a +7 chain mail of poison resistance (worn)
 x - a +2 cloak of preservation
 z - a +2 helmet (worn)
 I - the +7 tower shield of Siwk (worn) {rPois rC- SInv}
   (Okawaru gifted it to you on level 5 of the Lair of Beasts)

   rC:        It makes you vulnerable to cold.
   rPois:     It protects you from poison.
   SInv:      It lets you see invisible.
Jewellery
 g - the ring "Xacenn" (right hand) {rN+ Will+ MP+9}
   (You bought it in a shop on level 2 of the Shoals)

   [ring of magical power]

   rN:        It protects you from negative energy.
   MP:        It affects your magic capacity (+9).
   Will:      It increases your willpower.
 p - the ring of the Scavenger {rElec rF+ Int-3 SInv}
   (You bought it in a shop on level 2 of the Orcish Mines)

   [ring of protection from fire]

   Int:       It affects your intelligence (-3).
   rF:        It protects you from fire.
   rElec:     It insulates you from electricity.
   SInv:      It lets you see invisible.
 r - a +6 ring of strength
 J - a ring of flight (left hand)
 T - a ring of see invisible
 U - a +4 ring of slaying
 W - an amulet of reflection (around neck)
Wands
 v - a wand of charming (18)
 E - a wand of digging (5)
 H - a wand of flame (24)
 N - a wand of mindburst (25)
Scrolls
 c - 14 scrolls of identify
 e - 3 scrolls of teleportation
 n - 4 scrolls of fog
 B - 3 scrolls of poison
 C - 8 scrolls of magic mapping
 F - 4 scrolls of amnesia
 O - a scroll of brand weapon
Potions
 d - 5 potions of mutation
 i - a potion of berserk rage
 k - 8 potions of attraction
 o - 4 potions of brilliance
 t - a potion of magic
 w - 11 potions of curing
 A - 2 potions of heal wounds
 G - 10 potions of flight
 K - 5 potions of cancellation
 M - 7 potions of ambrosia
 Q - 3 potions of lignification
 S - 2 potions of resistance
Miscellaneous
 h - a condenser vane
 y - a phial of floods
 D - a tin of tremorstones (2/2)
 Y - a condenser vane
 Z - a phantom mirror


   Skills:
 + Level 18.6 Fighting
 - Level 21.4 Axes
 + Level 9.8 Throwing
 + Level 17.3 Armour
 + Level 17.0 Shields
 - Level 10.0 Invocations
 - Level 7.9 Evocations


You had 18 spell levels left.
You didn't know any spells.
Your spell library contained the following spells:

 Spells                   Type           Power      Damage    Failure   Level
 Apportation              Tloc           0%         N/A       99%         1
 Foxfire                  Conj/Fire      0%         2x1d4     99%         1
 Necrotise                Necr           0%         1d4       99%         1
 Blink                    Tloc           0%         N/A       100%        2
 Poisonous Vapours        Pois/Air       0%         N/A       100%        2
 Static Discharge         Conj/Air       0%         3-3/arc   100%        2
 Gell's Gravitas          Tloc           0%         N/A       100%        3
 Ignite Poison            Fire/Tmut/Pois 0%         N/A       100%        3
 Inner Flame              Hex/Fire       0%         N/A       100%        3
 Lesser Beckoning         Tloc           0%         N/A       100%        3
 Mephitic Cloud           Conj/Pois/Air  0%         N/A       100%        3
 Portal Projectile        Hex/Tloc       0%         N/A       100%        3
 Spider Form              Tmut/Pois      0%         N/A       100%        3
 Stone Arrow              Conj/Erth      0%         3d7       100%        3
 Teleport Other           Tloc           0%         N/A       100%        3
 Cause Fear               Hex            0%         N/A       100%        4
 Corpse Rot               Necr/Pois/Air  0%         N/A       100%        4
 Hailstorm                Conj/Ice       0%         3d3       100%        4
 Ice Form                 Ice/Tmut       0%         N/A       100%        4
 Leda's Liquefaction      Hex/Erth       0%         N/A       100%        4
 Alistair's Intoxication  Tmut/Pois      0%         N/A       100%        5
 Borgnjor's Vile Clutch   Necr/Erth      0%         N/A       100%        5
 Freezing Cloud           Conj/Ice/Air   0%         6-21      100%        5
 Manifold Assault         Tloc           0%         N/A       100%        5
 Silence                  Hex/Air        0%         N/A       100%        5
 Yara's Violent Unravell  Hex/Tmut       0%         3d3       100%        5
 Conjure Ball Lightning   Conj/Air       0%         3x3d6     100%        6
 Eringya's Noxious Bog    Tmut/Pois      0%         N/A       100%        6
 Storm Form               Tmut/Air       0%         N/A       100%        7
 Discord                  Hex            0%         N/A       100%        8
 Disjunction              Tloc           0%         N/A       100%        8
 Lehudib's Crystal Spear  Conj/Erth      0%         10d2      100%        8
 Maxwell's Capacitive Co  Air            0%         ∞         100%        8
 Summon Small Mammal      Summ           Unusable   N/A       N/A         1
 Call Canine Familiar     Summ           Unusable   N/A       N/A         3
 Animate Armour           Summ/Erth      Unusable   N/A       N/A         4
 Summon Lightning Spire   Summ/Air       Unusable   N/A       N/A         4
 Simulacrum               Ice/Necr       Unusable   N/A       N/A         6

Dungeon Overview and Level Annotations

Branches:
Dungeon (15/15)            Temple (1/1) D:7            Lair (5/5) D:10
 Shoals (4/4) Lair:2       Spider (4/4) Lair:3        Slime (0/5) Lair:5
    Orc (2/2) D:9             Elf (0/3) Orc:2        Vaults (1/5) D:14
Ossuary (visited)
 Depths: D:15

Altars:
Ashenzari
Cheibriados
Dithmenos
Elyvilon
Fedhas
Gozag
Hepliaklqana
Kikubaaqudgha
Makhleb
Nemelex Xobeh
Okawaru
Qazlal
Ru
Sif Muna
Trog
Uskayaw
Vehumet
Wu Jian
Xom
Yredelemnul
Zin
The Shining One

Shops:
D:10 :   Orc:2 *=?=:   Shoals:2 =   Shoals:3 =[(

Annotations:
Lair:5 exclusion: obsidian statue
Shoals:2 exclusion: 2 ice statues
Vaults:1 1 transporter


Innate Abilities, Weirdness & Mutations

Your spells are a little harder to cast, but a little more powerful.


Message History

Okawaru accepts your kill.
You barely miss the vault warden.
Your surroundings suddenly seem different. 2 ironbound preservers come into view.
Found a transporter.
The ice encasing you melts away.
The ironbound preserver shouts! x2; You hear a shout! x3
A frost giant comes into view.
It is wielding a +2 battleaxe of freezing.
An ironbound thunderhulk comes into view.
It is wielding a +0 dire flail.
A vault sentinel comes into view. It is wielding a +0 long sword.
The vault sentinel blows a loud note on a signal horn!
The ironbound preserver moves out of view.
You hear a horrible gurgling sound!
You hear a roar!
You hear a shout!
You hear a trumpeting!
You hear a shout! x2
A vault warden comes into view. It is wielding a +4 battleaxe.
The ironbound preserver attacks as you move away!
The ironbound preserver hits you but does no damage.
The ironbound preserver attacks as you move away!
You block the ironbound preserver's attack.
A moth of wrath comes into view.
A lindwurm comes into view.
You block the lindwurm's attack. x3
As you read the scroll of fear, it crumbles to dust.
You assume a fearsome visage.
The moth of wrath looks frightened!
The ironbound thunderhulk looks frightened!
The lindwurm looks frightened!
The ironbound preserver looks frightened!
The moth of wrath changes into a swamp dragon!
Strange energies crackle from the ironbound thunderhulk's apparatus.
The ironbound thunderhulk blinks!
A dire elephant comes into view.
Strange energies crackle from the ironbound thunderhulk's apparatus.
The ironbound thunderhulk blinks!
The ironbound preserver gibbers meaninglessly.
A red very ugly thing comes into view.
The red very ugly thing gurgles horribly!
The ironbound thunderhulk shouts!
Electricity crackles from the ironbound thunderhulk's apparatus.
The bolt of lightning hits you!!!
You die...

# .. ## #####. . .#
.. ##.. #u## .# .#
##... .#.#.##. #[..#
....... #.)## p.##.#
#### # #p##D#
..#..#.##.#
#...Op.@Y#..k.#
###+#######+###
#.©.# #...# #8.8#
.....
##################'#
................§p
................p..


You could see a dire elephant, 2 ironbound preservers, a red very ugly thing, a
vault warden and an ironbound thunderhulk.

Vanquished Creatures
  Bai Suzhen (Shoals:3)
  Arachne (Spider:2)
  Mlioglotl (Shoals:2)
  A sphinx (Vaults:1)
  Gastronok (Lair:2)
  6 krakens
  Frances (Shoals:1)
  Kirke (D:14)
  2 tengu reavers (D:12)
  Donald (Shoals:1)
  The ghost of Caestello the Imperceptible, an adept KoBr of Ashenzari (Spider:2)
  A frost giant (Shoals:4)
  5 emperor scorpions
  Aizul (Shoals:1)
  7 ghost moths
  2 vault wardens (Vaults:1)
  An ironbound preserver (Vaults:1)
  4 very ugly things
  2 broodmothers
  4 dire elephants (Lair:5)
  5 spark wasps
  3 entropy weavers
  6 merfolk javelineers
  Josephine (D:11)
  2 yaktaur captains
  9 merfolk impalers
  4 hydras
  6 boulder beetles
  4 merfolk avatars
  4 vault guards
  An ironbound frostheart (Vaults:1)
  2 alligator snapping turtles (Shoals:4)
  8 two-headed ogres
  An ogre mage (Orc:1)
  10 merfolk aquamancers
  4 radroaches
  3 jorogumos
  11 centaur warriors
  A death yak (Lair:5)
  4 orc high priests (Orc:2)
  A fire crab (shapeshifter) (D:14)
  A skeletal warrior (D:10)
  2 spectral death yaks (Lair:5)
  7 pharaoh ants
  6 sea snakes
  A spectral anaconda (Lair:5)
  3 deep trolls
  8 steelbarb worms
  A lindwurm (Vaults:1)
  An orange crystal statue (Spider:2)
  6 ironbound convokers
  9 orb spiders
  13 harpies
  A phantasmal warrior (Vaults:1)
  2 orc knights
  4 necromancers
  A deep elf zephyrmancer (D:12)
  3 deep elf pyromancers
  An oklob plant (Spider:2)
  14 wolf spiders
  An orc sorcerer (Orc:2)
  3 cyclopes
  13 ugly things
  6 fauns
  13 manticores
  6 moths of wrath
  3 black mambas
  4 water nymphs
  21 elephants
  A vault sentinel (Vaults:1)
  11 merfolk sirens
  7 centaur skeletons (D:10)
  6 torpor snails
  A torpor snail (shapeshifter) (D:12)
  2 gargoyles (D:12)
  A kobold demonologist (D:10)
  3 unseen horror zombies
  A yaktaur (Vaults:1)
  A rime drake (Lair:4)
  13 cane toads
  An efreet (D:14)
  6 demonic crawlers
  4 komodo dragons
  An unseen horror skeleton (D:10)
  7 meliai
  6 trolls
  38 merfolk
  14 wind drakes
  3 polar bears
  26 tarantellas
  7 hornets
  A spectral elephant (Lair:5)
  4 dream sheep (Lair:4)
  5 slime creatures
  9 snapping turtles
  2 meliai zombies (D:10)
  4 flying skulls (D:10)
  30 jumping spiders
  5 water elementals
  A spriggan (shapeshifter) (D:14)
  22 culicivoras
  4 shadows
  12 wraiths
  A vampire (D:10)
  A wyvern (Lair:2)
  A dire elephant simulacrum (Lair:5)
  4 steam dragons
  5 hogs (D:14)
  3 basilisks
  24 yaks
  A death yak simulacrum (Lair:5)
  A golden eye (shapeshifter) (D:14)
  62 redbacks
  A spectral cane toad (Lair:5)
  3 wargs (Orc:2)
  Duvessa (D:5)
  A black bear (shapeshifter) (Spider:3)
  11 water moccasins
  2 ice beasts
  3 sky beasts
  22 orc warriors
  6 black bears
  2 elephant zombies (Lair:5)
  9 wolves
  5 ogres
  3 boggarts (Vaults:1)
  An elephant skeleton (Lair:5)
  19 centaurs
  Blork the orc (D:4)
  A kobold brigand (D:8)
  14 bullfrogs
  An elf zombie (Ossuary)
  A gnoll sergeant (D:9)
  6 necrophages
  3 scorpions (D:5)
  A cane toad simulacrum (Lair:5)
  2 wights (D:10)
  Dowan (D:5)
  21 killer bees
  3 elephant simulacra (Lair:5)
  3 electric eels
  13 howler monkeys
  A crimson imp (D:9)
  2 bullfrog zombies (D:6)
  4 centaur zombies
  2 hounds
  25 orc priests
  5 jellies
  A human zombie (Ossuary)
  A gnoll bouda (D:7)
  Ijyb (D:5)
  Terence (D:2)
  5 iguanas
  37 orc wizards
  A killer bee zombie (D:6)
  2 mummies (Ossuary)
  2 howler monkey zombies (D:10)
  25 gnolls
  A howler monkey skeleton (D:10)
  6 adders
  A white imp (D:7)
  2 ufetubi
  An adder zombie (Ossuary)
  2 dart slugs (D:1)
  65 orcs
  9 ball pythons
  6 endoplasms
  4 giant cockroaches
  5 hobgoblins
  10 jackals
  14 kobolds
  6 quokkas
  7 bats
  2 frilled lizards (D:1)
  9 goblins
  3 goblin zombies (Ossuary)
  11 hobgoblin zombies (Ossuary)
  2 jackal zombies (Ossuary)
  2 kobold zombies (Ossuary)
  14 orc zombies (Ossuary)
  2 rats
  A rat zombie (Ossuary)
  15 tentacles
1125 creatures vanquished.

Vanquished Creatures (others)
  A jumping spider (Spider:1)
  An orc wizard (D:4)
  An orc (Orc:2)
  A bush (D:6)
  7 fungi
  96 plants
  24 tentacles
  24 withered plants (Lair:5)
155 creatures vanquished.

Grand Total: 1280 creatures vanquished

Notes
Turn   | Place    | Note
-------+----------+-------------------------------------------
     0 | D:1      | groovy9 the Hill Orc Fighter began the quest for the Orb.
     0 | D:1      | Reached XP level 1. HP: 19/19 MP: 1/1
    31 | D:1      | Reached skill level 3 in Axes
    93 | D:1      | Reached XP level 2. HP: 15/25 MP: 2/2
   350 | D:1      | Reached skill level 4 in Axes
   458 | D:1      | Reached XP level 3. HP: 31/31 MP: 3/3
   624 | D:1      | Found a faded altar of an unknown god.
   638 | D:1      | Reached skill level 5 in Axes
  1068 | D:2      | Found a sacrificial altar of Ru.
  1282 | D:2      | Reached XP level 4. HP: 36/39 MP: 4/4
  1796 | D:2      | Noticed Terence
  1809 | D:2      | Killed Terence
  1810 | D:2      | Reached skill level 6 in Axes
  2224 | D:3      | Reached XP level 5. HP: 41/45 MP: 5/5
  2228 | D:3      | Reached skill level 7 in Axes
  2448 | D:3      | Found a shadowy altar of Dithmenos.
  2453 | D:3      | Found a white marble altar of Elyvilon.
  2471 | D:3      | Identified the +4 flail "Amybboha" {antimagic, rN+}
  2519 | D:3      | Reached skill level 8 in Axes
  2520 | D:3      | Reached XP level 6. HP: 41/51 MP: 6/6
  2993 | D:4      | Noticed Blork the orc
  3002 | D:4      | Killed Blork the orc
  3003 | D:4      | Reached skill level 9 in Axes
  3402 | D:4      | Found a shimmering altar of Xom.
  3542 | D:4      | Reached XP level 7. HP: 57/57 MP: 7/7
  3991 | D:4      | Reached skill level 10 in Axes
  3994 | D:4      | Found a hide-covered altar of Uskayaw.
  4036 | D:4      | Found an opulent altar of Gozag.
  4118 | D:5      | Entered Level 5 of the Dungeon
  4118 | D:5      | Noticed Ijyb
  4129 | D:5      | Killed Ijyb
  4180 | D:5      | Found a glowing golden altar of the Shining One.
  4195 | D:5      | Noticed Duvessa
  4200 | D:5      | Noticed Dowan
  4208 | D:5      | Killed Duvessa
  4213 | D:5      | Killed Dowan
  4298 | D:5      | Reached XP level 8. HP: 61/67 MP: 8/8
  4437 | D:5      | Found a snail-covered altar of Cheibriados.
  4448 | D:5      | Reached skill level 5 in Fighting
  4496 | D:5      | Found an ancient bone altar of Kikubaaqudgha.
  4534 | D:5      | Found a bloodstained altar of Trog.
  4543 | D:5      | Reached skill level 11 in Axes
  4543 | D:5      | Reached skill level 5 in Armour
  4571 | D:5      | Found a sand-covered staircase.
  4579 | Ossuary  | Entered an ossuary
  5036 | D:5      | Found a shimmering blue altar of Sif Muna.
  5301 | D:5      | Reached XP level 9. HP: 69/78 MP: 9/9
  5573 | D:6      | Found a hazy altar of Hepliaklqana.
  5602 | D:6      | Reached skill level 12 in Axes
  5948 | D:6      | Found a stormy altar of Qazlal.
  6048 | D:6      | Found a blossoming altar of Fedhas.
  6553 | D:7      | Found a staircase to the Ecumenical Temple.
  6711 | D:7      | Reached skill level 1 in Throwing
  6711 | D:7      | Reached skill level 1 in Evocations
  6714 | Temple   | Entered the Ecumenical Temple
  7534 | D:7      | Reached XP level 10. HP: 86/90 MP: 10/10
  8109 | D:8      | Reached skill level 13 in Axes
  8217 | D:8      | Found a broken altar of Ashenzari.
  8244 | D:8      | Found an ornate altar of the Wu Jian Council.
  8341 | D:8      | Found a glowing silver altar of Zin.
  9416 | D:9      | Found a staircase to the Orcish Mines.
  9422 | D:9      | Found a sparkling altar of Nemelex Xobeh.
  9539 | D:9      | Found a burning altar of Makhleb.
  9540 | D:9      | Found a radiant altar of Vehumet.
  9910 | D:9      | Found a basalt altar of Yredelemnul.
  9955 | D:9      | Reached skill level 5 in Evocations
 10175 | D:9      | Reached XP level 11. HP: 35/97 MP: 11/11
 10534 | D:10     | Entered Level 10 of the Dungeon
 10546 | D:10     | Found a sacrificial altar of Ru.
 10565 | D:10     | Found Xatuit's Self-Improvement Boutique.
 10568 | D:10     | Noticed a two-headed ogre
 10637 | D:10     | Reached skill level 5 in Throwing
 10800 | D:10     | Reached skill level 14 in Axes
 10830 | D:10     | Reached skill level 10 in Fighting
 10841 | D:10     | Killed a two-headed ogre
 11277 | D:10     | Reached skill level 10 in Armour
 11357 | D:10     | Noticed a skeletal warrior
 11706 | D:10     | Killed a skeletal warrior
 11899 | D:10     | Reached skill level 15 in Axes
 11910 | D:10     | Reached XP level 12. HP: 86/110 MP: 12/12
 12287 | D:10     | Found an iron altar of Okawaru.
 12290 | D:10     | Became a worshipper of Warmaster Okawaru
 13269 | D:10     | Found a staircase to the Lair.
 13343 | Orc:1    | Entered Level 1 of the Orcish Mines
 13343 | Orc:1    | Noticed an ogre mage
 13343 | Orc:1    | Noticed a two-headed ogre
 13343 | Orc:1    | Noticed a two-headed ogre
 13343 | Orc:1    | Noticed a two-headed ogre
 13343 | Orc:1    | Noticed a two-headed ogre
 13344 | Orc:1    | Noticed a two-headed ogre
 13398 | Lair:1   | Entered Level 1 of the Lair of Beasts
 13399 | Lair:1   | Noticed a five-headed hydra
 13413 | Lair:1   | Killed a one-headed hydra
 13413 | Lair:1   | Reached * piety under Okawaru
 14083 | Lair:1   | Reached ** piety under Okawaru
 14824 | Lair:1   | Identified the +5 sling of Ymamexko {freeze, rPois rC+}
 15464 | Lair:2   | Reached skill level 5 in Shields
 16065 | Lair:2   | Found a staircase to the Shoals.
 16422 | Lair:2   | Noticed a seven-headed hydra
 16433 | Lair:2   | Killed a one-headed hydra
 16433 | Lair:2   | Reached *** piety under Okawaru
 16452 | Lair:2   | Noticed Gastronok
 16482 | Lair:2   | Killed Gastronok
 16483 | Lair:2   | Reached skill level 16 in Axes
 16940 | Lair:3   | Reached XP level 13. HP: 96/119 MP: 13/13
 16946 | Lair:3   | Reached **** piety under Okawaru
 17446 | Lair:3   | Found a hole to the Spider Nest.
 17524 | Lair:3   | Received a gift from Okawaru
 17855 | Lair:4   | Identified the +1 war axe "Gram" {freeze, rC++}
 17915 | Lair:4   | Identified the +0 scale mail of the Orb {rElec Will+ Int-3}
 18123 | Lair:4   | Found an ornate altar of the Wu Jian Council.
 18123 | Lair:4   | Found a hide-covered altar of Uskayaw.
 18216 | Lair:4   | Reached ***** piety under Okawaru
 18631 | Lair:5   | Entered Level 5 of the Lair of Beasts
 18651 | Lair:5   | Reached skill level 1 in Invocations
 18832 | Lair:5   | Found a staircase to the Slime Pits.
 18849 | Lair:5   | Received a gift from Okawaru
 19177 | Lair:5   | Noticed a dire elephant
 19177 | Lair:5   | Noticed a dire elephant
 19177 | Lair:5   | Noticed a dire elephant
 19182 | Lair:5   | Noticed a dire elephant
 20139 | Lair:5   | Reached XP level 14. HP: 129/129 MP: 17/17
 20160 | Lair:5   | Identified the +7 tower shield of Siwk {rPois rC- SInv}
                  | (Okawaru gifted it to you on level 5 of the Lair of Beasts)
 20160 | Lair:5   | Received a gift from Okawaru
 20161 | Lair:5   | Reached skill level 17 in Axes
 20184 | Lair:5   | Reached skill level 5 in Invocations
 20269 | Lair:5   | Killed a dire elephant
 20551 | Lair:5   | Killed a dire elephant
 20599 | Lair:5   | Killed a dire elephant
 20620 | Lair:5   | Killed a dire elephant
 21273 | Spider:1 | Entered Level 1 of the Spider Nest
 21291 | Spider:1 | Reached skill level 10 in Shields
 21992 | Lair:3   | Reached ****** piety under Okawaru
 22342 | Spider:1 | Received a gift from Okawaru
 22607 | Spider:2 | Noticed a ghost moth
 22618 | Spider:1 | Killed a ghost moth
 22925 | Spider:2 | Noticed an entropy weaver
 23236 | Spider:1 | Killed an entropy weaver
 23546 | Spider:2 | Identified the +2 pair of boots of Insecurity {+Blink +Inv
                  | rC- rCorr} (Okawaru gifted it to you on level 2 of the
                  | Spider Nest)
 23546 | Spider:2 | Received a gift from Okawaru
 23553 | Spider:2 | Reached XP level 15. HP: 125/138 MP: 21/21
 23764 | Spider:2 | Identified the ring "Xiotesin" {Str-2 Int+3 Dex+8 SInv}
 23818 | Spider:2 | Found a transporter.
 24059 | Spider:2 | You fall into a shaft and drop 1 floor!
 24295 | Spider:3 | Reached skill level 10 in Invocations
 24712 | Spider:3 | Reached skill level 18 in Axes
 25791 | Spider:2 | Noticed a ghost moth
 25793 | Spider:2 | Noticed an emperor scorpion
 26163 | Spider:2 | Killed a ghost moth
 26163 | Spider:2 | Received a gift from Okawaru
 26304 | Spider:2 | Found a transporter.
 26309 | Spider:2 | Noticed Caestello's ghost (adept KoBr)
 26317 | Spider:2 | Noticed a ghost moth
 26317 | Spider:2 | Noticed Arachne
 26369 | Spider:2 | Killed an emperor scorpion
 26835 | Spider:2 | Killed a ghost moth
 26836 | Spider:2 | Reached skill level 15 in Fighting
 27253 | Spider:2 | Received a gift from Okawaru
 27720 | Spider:2 | Killed Caestello's ghost
 27744 | Spider:2 | Identified the +2 broad axe of the Twisting Gods {vorpal,
                  | rPois rC+ Str-2} (Okawaru gifted it to you on level 2 of
                  | the Spider Nest)
 27744 | Spider:2 | Received a gift from Okawaru
 27761 | Spider:2 | Killed Arachne
 28217 | Spider:3 | Reached XP level 16. HP: 149/149 MP: 23/23
 28643 | Spider:4 | Entered Level 4 of the Spider Nest
 28672 | Spider:3 | Gained mutation: Potions are less effective at restoring
                  | your health. [mutagenic glow]
 28863 | Spider:4 | Received a gift from Okawaru
 29696 | Spider:4 | Received a gift from Okawaru
 29903 | Spider:4 | Reached skill level 19 in Axes
 30235 | Spider:4 | Received a gift from Okawaru
 31382 | Spider:4 | Received a gift from Okawaru
 31895 | Spider:4 | Reached skill level 15 in Armour
 31973 | Spider:4 | Got a gossamer rune of Zot
 32055 | Spider:3 | Lost mutation: Potions are less effective at restoring your
                  | health. [potion of mutation]
 32055 | Spider:3 | Gained mutation: Your spells are a little harder to cast,
                  | but a little more powerful. [potion of mutation]
 32399 | Orc:1    | Paralysed by an ogre mage for 4 turns
 32885 | Orc:1    | You fall into a shaft and drop 1 floor!
 32885 | Orc:2    | Entered Level 2 of the Orcish Mines
 32994 | Orc:2    | Identified the +3 scale mail "Jettiuxy" {rC+} (Okawaru
                  | gifted it to you on level 2 of the Orcish Mines)
 32994 | Orc:2    | Received a gift from Okawaru
 33097 | Orc:2    | Reached XP level 17. HP: 137/159 MP: 24/24
 33691 | Orc:2    | Found Mown's Magic Scroll Emporium.
 33691 | Orc:2    | Found Wamit's General Store.
 33692 | Orc:2    | Found Oweiv's Jewellery Shoppe.
 33696 | Orc:2    | Found Cuaps's Jewellery Emporium.
 33701 | Orc:2    | Bought the ring of the Scavenger {rElec rF+ Int-3 SInv} for
                  | 664 gold pieces
 33705 | Orc:2    | Bought an amulet of reflection for 540 gold pieces
 33866 | Orc:2    | Found a staircase to the Elven Halls.
 34027 | Orc:2    | Found Okozioga's Book Boutique.
 34661 | D:11     | Noticed Josephine
 34673 | D:11     | Killed Josephine
 35901 | D:12     | Found a hazy altar of Hepliaklqana.
 36278 | D:12     | Reached skill level 15 in Shields
 37532 | D:14     | Found a gate to the Vaults.
 37659 | D:14     | Noticed Kirke
 37675 | D:14     | Reached skill level 20 in Axes
 37675 | D:14     | Killed Kirke
 37746 | D:14     | HP: 6/160 [white ugly thing (48)]
 37754 | D:15     | Entered Level 15 of the Dungeon
 38116 | D:14     | Received a gift from Okawaru
 38362 | D:14     | Found a hide-covered altar of Uskayaw.
 38413 | D:14     | Identified the +3 longbow of Okawaru's Grace {freeze, Drain
                  | rN++}
 38504 | D:14     | Found an opulent altar of Gozag.
 38525 | D:14     | Received a gift from Okawaru
 39074 | Shoals:1 | Entered Level 1 of the Shoals
 39208 | Shoals:1 | Noticed Frances
 39242 | Shoals:1 | Killed Frances
 39252 | Shoals:1 | Noticed a kraken
 39262 | Shoals:1 | Killed a kraken
 39348 | Shoals:1 | Noticed a kraken
 39358 | Shoals:1 | Killed a kraken
 39776 | Shoals:1 | Found a runed translucent door.
 40353 | Shoals:1 | Noticed a kraken
 40413 | Shoals:1 | Killed a kraken
 40812 | Shoals:1 | Got the Tractate on the Metamorphic Storm
 40820 | Shoals:1 | Noticed a kraken
 40859 | Shoals:1 | Killed a kraken
 40860 | Shoals:1 | Reached XP level 18. HP: 144/170 MP: 25/25
 41037 | Shoals:1 | Noticed Donald
 41038 | Shoals:1 | Noticed Aizul
 41049 | Shoals:1 | Killed Aizul
 41054 | Shoals:1 | Killed Donald
 42154 | Shoals:2 | Found Rukaenust's One-of-a-Kind Rings.
 42178 | Shoals:2 | Bought the ring "Xacenn" {rN+ Will+ MP+9} for 515 gold
                  | pieces
 42252 | Shoals:2 | Identified the +11 hand axe of the Hall of Blades {freeze,
                  | rElec} (Okawaru gifted it to you on level 2 of the Shoals)
 42252 | Shoals:2 | Received a gift from Okawaru
 42384 | Shoals:2 | Noticed Mlioglotl
 42410 | Shoals:2 | Killed Mlioglotl
 43147 | Shoals:3 | Found Lorunefy's Jewellery Shop.
 43147 | Shoals:3 | Noticed Bai Suzhen
 43851 | Shoals:3 | Killed Bai Suzhen
 44111 | Shoals:3 | Found Geryeco's Weapon Boutique.
 44134 | Shoals:3 | Found Ipnisisu's Antique Armour Boutique.
 44735 | Shoals:4 | Entered Level 4 of the Shoals
 44753 | Shoals:4 | Received a gift from Okawaru
 44860 | Shoals:4 | Reached skill level 21 in Axes
 45243 | Shoals:4 | Got Ytucsapt's Quarto of Lethal Glamour
 45467 | Shoals:4 | Identified the +2 trident of the End {flame, *Noise rC+
                  | Dex+4}
 47520 | Shoals:4 | Got a barnacled rune of Zot
 48024 | Vaults:1 | Entered Level 1 of the Vaults
 48042 | Vaults:1 | Paralysed by a sphinx for 4 turns
 48121 | Vaults:1 | Received a gift from Okawaru
 48384 | Vaults:1 | Reached XP level 19. HP: 179/179 MP: 26/26
 49512 | Vaults:1 | Found a transporter.
 49519 | Vaults:1 | Killed from afar by an ironbound thunderhulk

Illustrated notes

Levels and vault maps discovered:
D:1:      lemuel_arrival_broad_hall, layout_rooms,
          hellmonk_ecumenical_altar_zigzags, minmay_hexomino_f4
D:2:      layout_loops_corners, basic_altar, minmay_unequal, uniq_terence
D:3:      layout_rooms, jmf_multi_god_temple, dreamdust_princess_bridge
D:4:      layout_basic, kennysheep_mini_moat, nicolae_overflow_crystal_walls,
          xom_redecorated, uniq_blork_the_orc
D:5:      layout_gridville, tso_metal_star, led_sif_pool, trog_ov_bears_minmay,
          mainiacjoe_overflow_catwalk_spiral, chequers_ossuary_entry_cave,
          corexii_item_surrounded_by_moat, uniq_ijyb, uniq_duvessa
D:6:      layout_cave_pools, fedhas_altar_decomposition,
          overflow_temple_1_default, nicolae_qazlal_scattered_showers,
          hex_medium, hangedman_decor_slide_cut
D:7:      layout_cave_pods, minmay_temple_entry_tees
D:8:      layout_loops_ring, mainiacjoe_overflow_two_lobes, zin_academy
D:9:      layout_irregular_city, grunt_temple_overflow_lords_of_destruction,
          mainiacjoe_overflow_cross_hatched, lemuel_zombie_altar_yredelemnul,
          orc_0_dummy
D:10:     hangedman_screamer, layout_stronghold, nicolae_ru_awakened_eye,
          kennysheep_mini, lair_entry_dummy, grunt_decor_clamped,
          hellmonk_bongcloud_opening, nicolae_shop_self_help
D:11:     layout_rooms, uniq_josephine
D:12:     minmay_chopped_fan, layout_loops_ring,
          nicolae_hepliaklqana_hazy_memory
D:13:     layout_irregular_city, minmay_tree_intersection
D:14:     layout_layer_cave, david_vaults_2, nicolae_uskayaw_suspiria,
          grunt_gozag_statues, uniq_kirke
D:15:     grunt_enter_depths_snipers, layout_irregular_city,
          grunt_decor_arrowhead
Temple:   ebering_the_none_and_only
Lair:1:   layout_layer_cave, serial_rivers, chequers_serial_rivers_room_b,
          chequers_serial_rivers_small_b, chequers_serial_rivers_room_b,
          chequers_serial_rivers_micro_b, lemuel_fruit_tree
Lair:2:   layout_regular_city, minmay_shoals_entry_centaurs,
          serial_bayou_shore_a, uniq_gastronok
Lair:3:   layout_cave_shapes, dummy_spider_entry, beast_lair_carwin_9
Lair:4:   layout_cave_shapes, nzn_masters_of_martial_movement
Lair:5:   due_jungle_book, layout_concentric_octagons, slime_entry_1,
          dreamdust_mushroom_princess
Shoals:1: nicolae_shoals_lighthouse, layout_shoals, uniq_frances, uniq_donald,
          uniq_aizul
Shoals:2: layout_shoals, portal_ice_cave_entry_ice_statue_two,
          nicolae_shop_unique_rings, uniq_mlioglotl
Shoals:3: layout_shoals, serial_shops, nicolae_shop_stone,
          nicolae_shop_bloodbath_and_beyond, nicolae_shop_statue_plus,
          nicolae_shoals_dead_sea_scrolls, uniq_bai_suzhen
Shoals:4: shoals_end_grunt_ice, layout_shoals
Spider:1: layout_spider_delve
Spider:2: layout_spider_delve, nzn_ghost_randoct, nicolae_spider_cling_halls
Spider:3: layout_spider_delve, hellmonk_deceptive_appearances
Spider:4: spider_rune_water
Orc:1:    layout_diamond_mine
Orc:2:    st_orc_mages, layout_caves, serial_shops, shop
Vaults:1: gammafunk_the_bubble [the_bubble_gammafunk_crates],
          hangedman_vaults_cutoff, v_rooms_6, ontoclasm_vaults_shuriken,
          nicolae_vaults_specimen_jars, vaults_dpeg_emergency_exit,
          nicolae_vaults_three_branches, vaults_room_ringed_pool,
          vaults_dpeg_diagonal, vaults_mumra_hexcomb, dpeg_vaults_monster_box,
          v_pattern_4, nicolae_vaults_little_squares_6, vaults_mumra_chevron,
          layout_vaults_omnicross, serial_shops, nicolae_shop_behind_doors,
          uniq_nikola

Skill      XL: |  1  2  3  4  5  6  7  8  9 10 11 12 13 14 15 16 17 18 19 |
---------------+----------------------------------------------------------+-----
Axes           | 3 4 5 6 8 9 10 11 12 13 15 16 17 18 19 20 21 | 21.4
Fighting       | 4 6 8 9 11 12 13 14 15 16 17 18 | 18.6
Armour         | 4 6 7 8 10 11 12 13 14 15 16 17 | 17.3
Throwing       | 2 4 5 6 7 9 |  9.8
Evocations     | 2 5 7 |  7.9
Shields        | 6 9 11 13 14 15 16 17 | 17.0
Invocations    | 4 8 10 | 10.0

Action                   |  1- 3 |  4- 6 |  7- 9 | 10-12 | 13-15 | 16-18 | 19-21 || total
-------------------------+-------+-------+-------+-------+-------+-------+-------++-------
Melee: War axe           |   125 |   161 |   331 |   676 |  1163 |       |       ||  2456
       Hand axe          |       |       |       |    14 |    19 |       |       ||    33
       Broad axe         |       |       |       |       |    18 |  1742 |   169 ||  1929
Throw: Boomerang         |       |       |       |     3 |     5 |     2 |       ||    10
Invok: Heroism           |       |       |       |     3 |     6 |     9 |     2 ||    20
       Finesse           |       |       |       |       |    10 |     8 |     1 ||    19
 Abil: Evoke Blink       |       |       |       |       |       |     1 |     1 ||     2
  Use: Scroll            |     3 |     6 |     9 |    12 |    14 |     9 |     3 ||    56
       Potion            |       |     1 |     3 |     3 |     5 |     9 |     4 ||    25
 Stab: Distracted        |       |       |       |       |       |     1 |       ||     1
Armor: Scale mail        |    66 |    74 |       |       |       |       |       ||   140
       Chain mail        |       |       |   155 |   457 |   618 |   577 |    53 ||  1860
Dodge: Dodged            |    67 |    76 |   124 |   304 |   225 |   237 |    14 ||  1047
Block: Buckler           |    23 |    17 |    50 |   142 |       |       |       ||   232
       Kite shield       |       |       |       |    21 |   159 |       |       ||   180
       Tower shield      |       |       |       |       |   912 |  1999 |   235 ||  3146
       Reflection        |       |       |       |       |       |   116 |    23 ||   139
